 Dungeon Crawl Stone Soup version 0.27-a0-1065-ge809cff456 (webtiles) character file.

Game seed: 230453931642850906

9704 inmateoo the Thaumaturge (level 11, -11/84 HPs)
             Began as a Djinni Ice Elementalist on Apr 21, 2021.
             Was an Elder of Makhleb.
             Mangled by an orc warrior
             ... wielding a +0 battleaxe
              (18 damage)
             ... on level 11 of the Dungeon on Apr 23, 2021.
             The game lasted 00:23:26 (11095 turns).

inmateoo the Thaumaturge (Djinni Ice Elementalist) Turns: 11095, Time: 00:23:27

Health: -11/84     AC: 13    Str:  7    XL:     11   Next: 50%
Gold:   753        EV: 14    Int: 20    God:    Makhleb [****..] SH:  0 Dex: 14

rFire    + + .     SeeInvis .   a - staff of cold
rCold    . . .     Faith    .   (no shield)
rNeg     . . .     Spirit   .   I - +0 steam dragon scales
rPois    ∞         Reflect  .   j - +1 helmet
rElec    .         Harm     .   u - +0 cloak
rCorr    .         Rampage  .   v - +0 pair of gloves
Will     ++...                  (boots unavailable)
Stlth    +++.......             f - amulet of regeneration
HPRegen  1.24/turn              t - ring of willpower
MPRegen  0.00/turn              G - +4 ring of protection

@: flying
A: fire resistance 2, cold vulnerability 1, float, innate caster, hp casting,
extra vitality 1
a: Renounce Religion, Minor Destruction, Lesser Servant of Makhleb, Major
Destruction


You were on level 11 of the Dungeon.
You worshipped Makhleb.
Makhleb was greatly pleased with you.
You visited 2 branches of the dungeon, and saw 12 of its levels.
You also visited: Ossuary.

You collected 753 gold pieces.

Inventory:

Hand Weapons
 l - a +3 vorpal dire flail
 x - a +0 whip of electrocution
Armour
 b - a +0 buckler
 j - a +1 helmet (worn)
 u - a +0 cloak (worn)
 v - a +0 pair of gloves (worn)
 I - +0 steam dragon scales (worn)
Magical Staves
 a - a staff of cold (weapon)
Jewellery
 f - an amulet of regeneration (around neck)
 t - a ring of willpower (left hand)
 G - a +4 ring of protection (right hand)
Wands
 k - a wand of flame (24)
 q - a wand of paralysis (5)
 s - a wand of iceblast (14)
 y - a wand of polymorph (8)
Scrolls
 c - 3 scrolls of enchant weapon
 g - 4 scrolls of teleportation
 p - 2 scrolls of enchant armour
 r - 2 scrolls of holy word
 z - a scroll of summoning
 C - 3 scrolls of fog
 D - 2 scrolls of magic mapping
Potions
 d - 11 potions of curing
 e - 2 potions of cancellation {unknown}
 h - 5 potions of attraction {unknown}
 i - 5 potions of mutation
 m - 3 potions of invisibility
 n - 4 potions of lignification
 o - a potion of brilliance {unknown}
 w - 2 potions of haste
 A - 3 potions of heal wounds
 E - 2 potions of resistance
 H - a potion of might
Miscellaneous
 F - a box of beasts


   Skills:
 + Level 9.1 Fighting
 + Level 5.1 Dodging
 - Level 5.0 Stealth
 * Level 1.3 Shields
 * Level 10.7 Spellcasting
 + Level 6.2 Invocations


You couldn't memorise any spells.
You knew the following spells:

 Your Spells              Type           Power      Damage    Failure   Level
a - Freeze                Ice            100%       1d11      1%          1
b - Frozen Ramparts       Ice            100%       1d12      1%          3
c - Ozocubu's Armour      Ice            69%        N/A       1%          3
d - Summon Lightning Spi  Summ/Air       52%        N/A       1%          4
e - Metabolic Englaciati  Hex/Ice        34%        N/A       2%          5
f - Summon Small Mammal   Summ           100%       N/A       1%          1
g - Slow                  Hex            52%        N/A       1%          2
h - Gell's Gravitas       Tloc           26%        N/A       1%          3
i - Hailstorm             Conj/Ice       69%        3d14      1%          4
j - Silence               Hex/Air        26%        N/A       2%          5
Your spell library was empty.

Dungeon Overview and Level Annotations

Branches:
Dungeon (11/15)            Temple (1/1) D:4            Lair (0/6) D:8
    Orc (0/2) D:9         Ossuary (visited)

Altars:
Ashenzari
Dithmenos
Elyvilon
Fedhas
Gozag
Hepliaklqana
Kikubaaqudgha
Makhleb
Nemelex Xobeh
Qazlal
Ru
Sif Muna
Xom
Yredelemnul
Zin

Shops:
D:4 (

Annotations:
D:5 exclusion: ice beast
D:9 7 runed translucent doors, sanka's ghost, novice DjSu


Innate Abilities, Weirdness & Mutations

You are immune to poison.
Your flesh is very heat resistant. (rF++)
You are vulnerable to cold. (rC-)
You float through the air rather than walking.
You learn spells naturally, not from books.
Your magical power is your life essence.
You have superior vitality. (+4 HP)


Message History

The orc warrior shouts!
* * * LOW HITPOINT WARNING * * *
Your vampire mosquito completely misses the boulder beetle.
Your vampire mosquito bites the boulder beetle but does no damage.
The boulder beetle bites your vampire mosquito!
Your vampire mosquito bites the boulder beetle but does no damage. x2
Your quokka bites the boulder beetle.
The boulder beetle dies!
Makhleb accepts your kill.
Your Shields skill increases to level 1!
Unknown command.
Casting: Summon Lightning Spire (mildly dangerous; 1% risk of failure)
Confirm with . or Enter, or press ? or * to list all spells.
You feel a surge of power! A film of ice covers your body!
* * * LOW HITPOINT WARNING * * *
Your centaur shoots an arrow.
The arrow barely misses the troll.
The arrow hits your lightning spire! The orc warrior completely misses you.
The orc warrior hits your lightning spire but does no damage.
Unknown command.
Aiming: Paralyse
Press: ? - help, Shift-Dir - straight line, f - troll
Aim: a troll (heavily wounded, ally target, chance to affect: 46%)
The troll resists with some effort.
The orc warrior barely misses you.
The orc warrior hits your lightning spire with a +0 battleaxe.
Your vampire mosquito bites the troll!
Your vampire mosquito draws strength from the troll's injuries!
The troll barely misses you. The troll claws you!
* * * LOW HITPOINT WARNING * * *
The troll claws you but does no damage.
Unknown command.
Your icy armour will break if you move.
Continue?
Okay, then.
Unknown command.
Your icy armour will break if you move.
Continue?
Your icy armour cracks and falls away as you move.
Your centaur unwields a +0 shortbow.
Your centaur barely misses the troll.
Your centaur kicks the troll.
The troll misses your vampire mosquito. x3
The orc warrior hits you with a +0 battleaxe!!
You die...

########### ##^@......>.
##..oy........
##...TyZ..†....
##...8c.........
##......r.............
#.......................
#..........).............
...........).............
...........###...........


You could see a troll (ally target), an orc warrior (ally target), 2 friendly
vampire mosquitoes, a friendly centaur (summoned), a friendly lightning spire
(summoned), a friendly centaur warrior zombie (summoned) and a friendly quokka
(summoned).

Vanquished Creatures
  A two-headed ogre (D:9)
  Pikel (D:4)
  A cyclops (D:8)
  An unseen horror (D:10)
  A komodo dragon (D:10)
  A troll (D:10)
  A vampire (D:9)
  9 yaks
  A steam dragon (D:9)
  An acid dragon (D:10)
  Edmund (D:5)
  A water moccasin (D:5)
  Duvessa (D:7)
  2 orc warriors
  A necrophage (D:7)
  A black bear (D:4)
  3 centaurs
  3 ogres
  2 phantoms
  A lemure (D:5)
  2 kobold brigands
  4 scorpions
  A water moccasin zombie (D:5)
  Dowan (D:7)
  7 killer bees
  2 wights (D:6)
  A howler monkey (D:8)
  7 electric eels (D:8)
  A bullfrog zombie (D:5)
  2 hounds
  7 orc priests
  A centaur zombie (D:6)
  A gnoll shaman (D:7)
  Crazy Yiuf (D:3)
  A bullfrog skeleton (D:4)
  A centaur skeleton (D:5)
  A jelly (D:6)
  Jessica (D:2)
  2 iguanas (D:6)
  Natasha (twice) (D:2)
  5 orc wizards
  Terence (D:3)
  A killer bee zombie (D:7)
  A hound zombie (D:5)
  6 gnolls
  10 adders
  2 white imps
  2 ufetubi
  A worm (D:4)
  40 orcs
  11 ball pythons
  8 endoplasms
  A giant cockroach (D:1)
  7 goblins
  6 hobgoblins
  3 jackals (D:5)
  3 quokkas
  8 bats
  7 frilled lizards
  10 kobolds
  A kobold skeleton (Ossuary)
  3 rats
  2 rat skeletons (Ossuary)
219 creatures vanquished.

Vanquished Creatures (collateral kills)
  Erolcha (D:9)
  A boulder beetle (D:11)
  3 trolls
  Prince Ribbit (D:7)
  A shadow (D:11)
  A yak (D:9)
  2 orc warriors
  An ice beast (D:6)
  2 ogres
  A centaur (D:10)
  A bullfrog (D:8)
  5 wights (D:6)
  2 howler monkeys
  3 centaur zombies
  3 orc priests
  A centaur skeleton (D:7)
  3 orc wizards
  2 killer bee zombies
  A howler monkey zombie (D:8)
  14 mummies (Ossuary)
  5 orcs
  A giant cockroach (D:4)
  4 gnoll skeletons (Ossuary)
  A goblin skeleton (Ossuary)
  2 kobolds (D:9)
  A kobold skeleton (Ossuary)
  An orc skeleton (Ossuary)
  9 rat skeletons (Ossuary)
73 creatures vanquished.

Vanquished Creatures (others)
  12 plants (D:8)
12 creatures vanquished.

Grand Total: 304 creatures vanquished

Notes
Turn   | Place    | Note
-------+----------+-------------------------------------------
     0 | D:1      | inmateoo the Djinni Ice Elementalist began the quest for
                  | the Orb.
     0 | D:1      | Reached XP level 1. HP: 15/15 MP: 0/0
   166 | D:1      | Reached XP level 2. HP: 10/22 MP: 0/0
   634 | D:1      | Reached skill level 1 in Fighting
   959 | D:2      | Reached XP level 3. HP: 18/27 MP: 0/0
   959 | D:2      | Learned a level 1 spell: Summon Small Mammal
  1253 | D:2      | Noticed Jessica
  1296 | D:2      | Killed Jessica
  1297 | D:2      | Reached XP level 4. HP: 26/32 MP: 0/0
  1441 | D:2      | Noticed Natasha
  1448 | D:2      | Killed Natasha
  1449 | D:2      | Reached skill level 4 in Spellcasting
  1777 | D:2      | Found a faded altar of an unknown god.
  1832 | D:2      | Noticed Natasha
  1844 | D:2      | Killed Natasha
  1860 | D:2      | Reached XP level 5. HP: 28/38 MP: 0/0
  1860 | D:2      | Learned a level 2 spell: Slow
  2145 | D:3      | Found a runed translucent door.
  2146 | D:3      | Noticed Crazy Yiuf
  2165 | D:3      | Noticed Terence
  2170 | D:3      | Killed Terence
  2174 | D:3      | Upgraded the game from 0.27-a0-1060-gcb85b5eba1 to
                  | 0.27-a0-1065-ge809cff456
  2562 | D:3      | Found a basalt altar of Yredelemnul.
  2565 | D:3      | Found a blossoming altar of Fedhas.
  3082 | D:3      | Killed Crazy Yiuf
  3083 | D:3      | Reached XP level 6. HP: 38/45 MP: 0/0
  3268 | D:4      | Found Mifotsih's Antique Weapon Boutique.
  3461 | D:4      | Found a staircase to the Ecumenical Temple.
  3488 | Temple   | Entered the Ecumenical Temple
  3543 | Temple   | Became a worshipper of Makhleb the Destroyer
  3638 | D:4      | Noticed a black bear
  3647 | D:4      | Killed a black bear
  3648 | D:4      | Reached XP level 7. HP: 25/50 MP: 0/0
  3648 | D:4      | Learned a level 3 spell: Gell's Gravitas
  3964 | D:4      | Reached * piety under Makhleb
  4308 | D:5      | Entered Level 5 of the Dungeon
  4308 | D:5      | Noticed Edmund
  4410 | D:5      | Killed Edmund
  4411 | D:5      | Reached skill level 5 in Dodging
  4411 | D:5      | Reached skill level 5 in Spellcasting
  4594 | D:5      | Reached XP level 8. HP: 53/58 MP: 0/0
  5487 | D:5      | Reached skill level 5 in Fighting
  5487 | D:5      | Reached skill level 6 in Spellcasting
  5551 | D:5      | Reached skill level 5 in Stealth
  5843 | D:6      | Noticed Pikel
  5903 | D:4      | Killed Pikel
  5904 | D:4      | Reached skill level 7 in Spellcasting
  5904 | D:4      | Reached XP level 9. HP: 44/66 MP: 0/0
  5904 | D:4      | Learned a level 4 spell: Summon Lightning Spire
  6004 | D:6      | Reached ** piety under Makhleb
  6781 | D:7      | Reached skill level 1 in Invocations
  6888 | D:7      | Noticed Dowan
  6891 | D:7      | Noticed Duvessa
  6896 | D:7      | Killed Dowan
  6897 | D:7      | Reached skill level 8 in Spellcasting
  6903 | D:7      | Killed Duvessa
  6967 | D:7      | Noticed Prince Ribbit
  6974 | D:7      | Killed Prince Ribbit
  7247 | D:7      | Reached *** piety under Makhleb
  7352 | D:7      | Reached XP level 10. HP: 66/75 MP: 0/0
  7768 | D:8      | Reached skill level 9 in Spellcasting
  7786 | D:8      | Found a broken altar of Ashenzari.
  7788 | D:8      | Found a staircase to the Lair.
  7914 | D:8      | Found a sand-covered staircase.
  7939 | Ossuary  | Entered an ossuary
  8069 | Ossuary  | Reached **** piety under Makhleb
  8696 | D:8      | Noticed a cyclops
  8708 | D:8      | Killed a cyclops
  9195 | D:9      | Noticed Erolcha
  9208 | D:9      | Killed Erolcha
  9246 | D:9      | Found a runed translucent gate.
  9247 | D:9      | Found a runed translucent gate.
  9247 | D:9      | Found an opulent altar of Gozag.
  9249 | D:9      | Found a runed translucent gate.
  9250 | D:9      | Noticed sanka's ghost (novice DjSu)
  9250 | D:9      | Noticed a boulder beetle
  9253 | D:9      | Noticed a white ugly thing
  9254 | D:9      | Noticed a boulder beetle
  9492 | D:9      | Reached skill level 5 in Invocations
  9499 | D:9      | Reached skill level 10 in Spellcasting
  9520 | D:9      | Found a staircase to the Orcish Mines.
  9587 | D:9      | Reached XP level 11. HP: 82/82 MP: 0/0
  9587 | D:9      | Learned a level 5 spell: Silence
  9596 | D:9      | Noticed a two-headed ogre
  9607 | D:9      | Killed a two-headed ogre
  9726 | D:9      | Found a huge runed translucent gate.
  9727 | D:9      | Found a huge runed translucent gate.
  9727 | D:9      | Noticed a death yak
  9730 | D:9      | Found a huge runed translucent gate.
  9732 | D:9      | Found a huge runed translucent gate.
  9733 | D:9      | Noticed a manticore
  9764 | D:9      | Noticed a purple ugly thing
  9764 | D:9      | Noticed a stone giant
 10171 | D:10     | Entered Level 10 of the Dungeon
 11062 | D:11     | Noticed a boulder beetle
 11092 | D:11     | Killed a boulder beetle
 11093 | D:11     | Reached skill level 1 in Shields
 11095 | D:11     | Mangled by an orc warrior

Illustrated notes

Levels and vault maps discovered:
D:1:      dpeg_arrival_rooms_a, layout_basic
D:2:      layout_basic, chequers_ecumenical_altar_grove, minmay_vboxes,
          uniq_jessica, uniq_natasha
D:3:      layout_loops_ring, grunt_temple_overflow_growth_and_decay,
          lemuel_tele_altar, minmay_snake_closets, uniq_terence,
          uniq_crazy_yiuf_cottage
D:4:      layout_basic, minmay_temple_entry_statues_pillars, serial_shops,
          nicolae_shop_waterfront, kennysheep_generic_room_14
D:5:      layout_layer_cave, minmay_misc_feat_five, uniq_edmund
D:6:      layout_basic, uniq_pikel
D:7:      layout_basic, uniq_prince_ribbit1, uniq_duvessa
D:8:      layout_basic, ashenzari_altar_1, dpeg_oklobed_lair, serial_bayou,
          serial_bayou_pond_e, serial_bayou_lagoon_b, serial_bayou_pond_e,
          serial_bayou_pond_a, nicolae_ossuary_entry_false_entrances,
          hangedman_abyss_or_decor_stagger, minmay_small_thing
D:9:      lemuel_bear_cage, layout_cave_pods, ebering_ghost_gozag,
          hangedman_abyss_or_decor_clamps, onia_ninara_dug_in_and_dangerous,
          uniq_erolcha
D:10:     layout_loops_cross, kennysheep_potato
D:11:     layout_big_octagon, lemuel_zombie_altar_yredelemnul
Temple:   regret_index_temple_mists

Skill      XL: |  1  2  3  4  5  6  7  8  9 10 11 |
---------------+----------------------------------+-----
Fighting       | 1 2 3 4 5 7 8 9 |  9.1
Stealth        | 2 3 4 5 |  5.0
Dodging        | 3 4 5 |  5.1
Spellcasting   | 4 5 7 8 10 | 10.7
Invocations    | 2 5 6 |  6.2
Shields        | 1 |  1.3

Action                   |  1- 3 |  4- 6 |  7- 9 | 10-12 || total
-------------------------+-------+-------+-------+-------++-------
Melee: Staff             |     6 |    25 |    52 |    37 ||   120
       Dire flail        |       |       |    34 |       ||    34
 Cast: Freeze            |    37 |    74 |   137 |   109 ||   357
       Frozen Ramparts   |       |     4 |    25 |    13 ||    42
       Ozocubu's Armour  |       |     1 |     1 |     3 ||     5
       Summon Small Mamm |       |     1 |     1 |     3 ||     5
       Hailstorm         |       |       |     3 |    10 ||    13
       Gell's Gravitas   |       |       |     1 |       ||     1
       Summon Lightning  |       |       |    14 |    42 ||    56
       Metabolic Englaci |       |       |     1 |       ||     1
Invok: Minor Destruction |       |       |       |     4 ||     4
Evoke: Wand              |       |       |       |     9 ||     9
  Use: Scroll            |       |     4 |    14 |     9 ||    27
       Potion            |       |       |     2 |       ||     2
 Stab: Sleeping          |       |       |     3 |       ||     3
Armor: Robe              |     6 |    23 |    71 |    28 ||   128
       Steam dragon scal |       |       |       |    45 ||    45
Dodge: Dodged            |    25 |    57 |   206 |   137 ||   425

Table legend: (Time is in decaauts)
 A = Elapsed time spent in this place.
 B = Non-inter-level travel time spent in this place.
 C = Inter-level travel time spent in this place.
 D = Time resting spent in this place.
 E = Time spent auto-exploring this place.
 F = Levels seen in this place.
 G = Mean time per level.
                   A        B        C        D        E       F      G
               +--------+--------+--------+--------+--------+-----+--------+
         Total |  11126 |  10695 |    431 |   1613 |   6516 |  13 |  855.8 |
       Dungeon |  10529 |  10106 |    423 |   1487 |   6427 |  11 |  957.2 |
        Temple |     64 |     56 |      8 |      0 |     53 |   1 |   64.0 |
       Ossuary |    533 |    533 |      0 |    126 |     36 |   1 |  533.0 |
               +--------+--------+--------+--------+--------+-----+--------+

Top non-repeatable levels by time:
     D:5: 1582 daAuts
     D:1: 1227 daAuts
     D:3: 1182 daAuts
     D:4: 1080 daAuts
     D:9: 1057 daAuts
     D:8: 991 daAuts
     D:7: 881 daAuts
     D:2: 831 daAuts
    D:10: 793 daAuts
     D:6: 786 daAuts
 Ossuary: 533 daAuts
    D:11: 113 daAuts
  Temple: 64 daAuts
